 Dungeon Crawl Stone Soup version 0.27-a0-40-g5f2be0e231 (webtiles) character file.

Game seed: 7118472515570313504

1603 pistachioham the Destroyer (level 8, -5/41 HPs)
             Began as a Deep Elf Conjurer on Jan 5, 2021.
             Was an Initiate of Sif Muna.
             Slain by a bullfrog (7 damage)
             ... on level 5 of the Dungeon.
             The game lasted 00:27:59 (5854 turns).

pistachioham the Destroyer (Deep Elf Conjurer)      Turns: 5854, Time: 00:28:00

Health: -5/41      AC:  3    Str:  4    XL:     8   Next: 63%
Magic:  4/17       EV: 13    Int: 25    God:    Sif Muna [......]
Gold:   203        SH:  0    Dex: 14    Spells: 7/17 levels left

rFire    . . .     SeeInvis .   b - +2 dagger (vamp)
rCold    . . .     Faith    .   (no shield)
rNeg     . . .     Spirit   .   r - +0 robe
rPois    .         Reflect  .   (no helmet)
rElec    .         Harm     .   i - +0 cloak
rCorr    .         Rampage  .   (no gloves)
Will     .....                  (no boots)
Stlth    ++........             (no amulet)
HPRegen  0.13/turn              (no ring)
MPRegen  0.15/turn              (no ring)

@: no status effects
A: no striking features
a: Renounce Religion


You were on level 5 of the Dungeon.
You worshipped Sif Muna.
Sif Muna was noncommittal.
You visited 2 branches of the dungeon, and saw 7 of its levels.

You collected 203 gold pieces.

Inventory:

Hand Weapons
 a - a +0 shortbow
 b - a +2 vampiric dagger (weapon)
 v - a +2 dagger of venom
Missiles
 c - 114 arrows
Armour
 i - a +0 cloak (worn)
 r - a +0 robe (worn)
 z - a +0 pair of boots
 B - a +0 kite shield
Magical Staves
 t - an uncursed staff of earth
Wands
 y - a wand of flame (1)
 A - a wand of random effects (19)
Scrolls
 d - 5 scrolls of identify {unknown}
 f - a scroll of enchant weapon {unknown}
 g - a scroll of immolation {unknown}
 j - a scroll of fog {unknown}
 n - a scroll of remove curse {unknown}
 o - 3 scrolls of enchant armour {unknown}
 u - 2 scrolls of noise {unknown}
 w - a scroll of teleportation {unknown}
 x - a scroll of fear {unknown}
Potions
 e - 2 potions of might {unknown}
 h - 2 potions of heal wounds {unknown}
 k - a potion of degeneration {unknown}
 l - 2 potions of cancellation {unknown}
 m - 3 potions of ambrosia {unknown}
 p - 2 potions of magic {unknown}
 q - 2 potions of curing {unknown}
 s - 2 potions of attraction {unknown}


   Skills:
 * Level 5.9 Bows
 - Level 2.4 Dodging
 - Level 2.4 Stealth
 + Level 5.2 Spellcasting
 - Level 8.7 Conjurations
 * Level 8.1 Hexes


You had 7 spell levels left.
You knew the following spells:

 Your Spells              Type           Power        Failure   Level
a - Magic Dart            Conj           100%         1%          1
b - Searing Ray           Conj           100%         1%          2
c - Dazzling Flash        Conj/Hex       96%          1%          3
d - Fulminant Prism       Conj/Hex       24%          2%          4

Your spell library contained the following spells:

 Spells                   Type           Power        Failure   Level
 Iskenderun's Mystic Bla  Conj/Tloc      28%          13%         4


Dungeon Overview and Level Annotations

Branches:
Dungeon (6/15)             Temple (1/1) D:5

Altars:
Elyvilon
Fedhas
Gozag
Hepliaklqana
Makhleb
Nemelex Xobeh
Okawaru
Qazlal
Ru
Sif Muna
Trog
Uskayaw
Vehumet
Xom
Zin
The Shining One

Shops:
D:4 :

Annotations:
D:6 1 transporter, Grinder


Message History

The bullfrog hits you.
Grinder says, "I used to sell toenails on the black market."
Grinder gestures at you. You resist with some effort.
The bullfrog hits you but does no damage.
The bullfrog hits you.
* * * LOW HITPOINT WARNING * * *
There is a stone staircase leading up here.
The bullfrog hits you!
* * * LOW HITPOINT WARNING * * *
You climb upwards.
There is a stone staircase leading down here.
Casting: Magic Dart (safe; 1% risk of failure)
Confirm with . or Enter, or press ? or * to list all spells.
The bullfrog hits you.
* * * LOW HITPOINT WARNING * * *
The bullfrog closely misses you.
Unknown command.
The bullfrog hits you!
You die...

##############
#............#
#.#####.####.#
#>#####.####.##
#F##..........#
#@##.##.####..#
#.............####
#.......#####.....
#.##..#.# ######
#.###.#.#
#.###.#.#
#.......# #######
#####.### ##.....#
#.# #.......


You could see a bullfrog.

Vanquished Creatures
  Maggie (D:6)
  Menkaure (D:6)
  An ice beast (D:5)
  A centaur (D:5)
  4 ogres
  2 bullfrogs (D:6)
  A scorpion (D:4)
  A crimson imp (D:5)
  A hound (D:4)
  A gnoll shaman (D:5)
  An orc priest (D:4)
  An orc wizard (D:4)
  A bullfrog skeleton (D:5)
  A centaur skeleton (D:5)
  An iguana (D:5)
  2 worker ants (D:5)
  A worker ant zombie (D:6)
  4 gnolls (D:5)
  9 adders
  2 white imps
  3 worms
  2 dart slugs (D:1)
  2 leopard geckos
  3 orcs
  A ball python (D:3)
  10 bats
  7 goblins
  5 hobgoblins
  5 jackals
  6 quokkas
  6 frilled lizards
  3 kobolds
  A quokka skeleton (D:4)
  6 rats
97 creatures vanquished.

Vanquished Creatures (others)
  8 fulminant prisms
  4 plants (D:6)
12 creatures vanquished.

Grand Total: 109 creatures vanquished

Notes
Turn   | Place    | Note
-------+----------+-------------------------------------------
     0 | D:1      | pistachioham the Deep Elf Conjurer began the quest for the
                  | Orb.
     0 | D:1      | Reached XP level 1. HP: 10/10 MP: 6/6
   244 | D:1      | Reached XP level 2. HP: 15/15 MP: 5/8
   248 | D:1      | Learned a level 2 spell: Searing Ray
   303 | D:1      | Reached skill level 5 in Conjurations
  1095 | D:2      | Reached XP level 3. HP: 19/19 MP: 3/9
  1254 | D:2      | Learned a level 3 spell: Dazzling Flash
  1790 | D:3      | Found an opulent altar of Gozag.
  1795 | D:3      | Found a faded altar of an unknown god.
  1862 | D:3      | Reached skill level 1 in Hexes
  1931 | D:3      | Reached XP level 4. HP: 24/24 MP: 3/10
  2688 | D:5      | Entered Level 5 of the Dungeon
  2707 | D:4      | Found Jazxocw's Book Shoppe.
  2707 | D:4      | Noticed a +0 hand axe
  2707 | D:4      | Noticed a -3 dagger
  2891 | D:4      | Reached XP level 5. HP: 10/28 MP: 6/11
  3245 | D:4      | Found a hide-covered altar of Uskayaw.
  3315 | D:4      | Found a white marble altar of Elyvilon.
  3322 | D:3      | Found a glowing golden altar of the Shining One.
  3484 | D:4      | Noticed a water elemental
  3486 | D:4      | Found a stormy altar of Qazlal.
  3492 | D:4      | Noticed an air elemental
  3492 | D:4      | Noticed a fire elemental
  3504 | D:4      | Reached XP level 6. HP: 22/32 MP: 8/12
  3652 | D:4      | Learned a level 4 spell: Fulminant Prism
  4437 | D:5      | Reached XP level 7. HP: 36/36 MP: 8/13
  4527 | D:5      | Reached skill level 5 in Hexes
  4606 | D:5      | Found a staircase to the Ecumenical Temple.
  4624 | Temple   | Entered the Ecumenical Temple
  4736 | Temple   | Upgraded the game from 0.27-a0-34-gc18c9092ac to
                  | 0.27-a0-40-g5f2be0e231
  4736 | Temple   | Became a worshipper of Sif Muna the Loreminder
  4981 | D:5      | Reached skill level 1 in Bows
  5181 | D:5      | Found a burning altar of Makhleb.
  5181 | D:5      | Found a radiant altar of Vehumet.
  5531 | D:6      | Found a transporter.
  5531 | D:6      | Identified the +3 buckler of Shadows and Fog {rN++}
  5542 | D:6      | Noticed Menkaure
  5550 | D:6      | Killed Menkaure
  5551 | D:6      | Reached XP level 8. HP: 41/41 MP: 3/16
  5814 | D:6      | Noticed Maggie
  5822 | D:6      | Killed Maggie
  5823 | D:6      | Reached skill level 5 in Bows
  5823 | D:6      | Reached skill level 5 in Spellcasting
  5828 | D:6      | Noticed Grinder
  5852 | D:5      | HP: 2/41 [bullfrog (3)]
  5854 | D:5      | Slain by a bullfrog

Illustrated notes

Levels and vault maps discovered:
D:1:      arrival_zaba_pyramid, layout_loops_ring
D:2:      layout_basic, palyth_stone_intersect, grunt_decor_mini_mirrors
D:3:      layout_basic, overflow_temple_1_default,
          nicolae_overflow_hidden_temple, chequers_ecumenical_altar_simple_redux
D:4:      layout_loops_ring, nicolae_qazlal_style_of_elements,
          lemuel_round_altar, dancing_weapons_uskayaw, serial_shops, shop
D:5:      layout_loops_cross, grunt_temple_overflow_lords_of_destruction,
          minmay_temple_entry_trees, kennysheep_generic_room_11
D:6:      layout_basic, kennysheep_little_box, gammafunk_ghost_gnarly_gnolls,
          kennysheep_generic_room_10, uniq_grinder, uniq_menkaure, uniq_maggie
Temple:   jpeg_temple_island

Skill      XL: |  1  2  3  4  5  6  7  8 |
---------------+-------------------------+-----
Conjurations   | 5 6 7 8 |  8.7
Hexes          | 1 2 3 4 6 8 |  8.1
Bows           | 3 5 |  5.9
Spellcasting   | 4 5 |  5.2
Dodging        | |  2.4
Stealth        | |  2.4

Action                   |  1- 3 |  4- 6 |  7- 9 || total
-------------------------+-------+-------+-------++-------
Melee: Club              |     2 |       |       ||     2
       Short sword       |     8 |     7 |       ||    15
       Dagger            |       |     2 |    12 ||    14
 Cast: Magic Dart        |    63 |    48 |    11 ||   122
       Searing Ray       |     9 |    18 |    12 ||    39
       Fulminant Prism   |       |     1 |     7 ||     8
       Dazzling Flash    |       |       |     1 ||     1
 Stab: Sleeping          |     1 |     2 |       ||     3
Armor: Robe              |     5 |     6 |     6 ||    17
Dodge: Dodged            |    14 |    19 |    30 ||    63

Table legend: (Time is in decaauts)
 A = Elapsed time spent in this place.
 B = Non-inter-level travel time spent in this place.
 C = Inter-level travel time spent in this place.
 D = Time resting spent in this place.
 E = Time spent auto-exploring this place.
 F = Levels seen in this place.
 G = Mean time per level.
                   A        B        C        D        E       F      G
               +--------+--------+--------+--------+--------+-----+--------+
         Total |   5860 |   5713 |    147 |   1522 |   2037 |   7 |  837.1 |
       Dungeon |   5525 |   5378 |    147 |   1336 |   1941 |   6 |  920.8 |
        Temple |    334 |    334 |      0 |    186 |     96 |   1 |  334.0 |
               +--------+--------+--------+--------+--------+-----+--------+

Top non-repeatable levels by time:
     D:5: 1335 daAuts
     D:4: 1275 daAuts
     D:3: 1008 daAuts
     D:1: 920 daAuts
     D:2: 791 daAuts
  Temple: 334 daAuts
     D:6: 193 daAuts
